Map: Blackpink LE

Players

TRUE

  • Race: Zerg Zerg
  • Spawn Location: 1:00

Elazer - Winner!

  • Race: Zerg Zerg
  • Spawn Location: 7:00

Event: WCS Leipzig 2018

VOD

Have the link to the VOD?

Description

Time

  • Played on: Jan. 26, 2018, 1:29 p.m.
  • Length: 11:06

All games in this series

Show
View Real Time Build Order
Export as new Build Order

TRUE Zerg 

Build Orders: Hatch First 

Get SALT Encoding   

  12  0:00  Drone  
  13  0:12  Overlord  
  13  0:17  Drone  
  14  0:30  Drone x2  
  14  0:34  Drone  
  17  0:51  Hatchery  
  17  0:54  Drone  
  17  1:07  Spawning Pool  
  17  1:10  Extractor  
  15  1:12  Drone  
  15  1:16  Drone  
  17  1:20  Drone  
  18  1:27  Drone  
  19  1:38  Overlord  
  19  1:53  Queen  
  21  2:02  Queen  
  21  2:06  Zergling x2  
  24  2:11  Metabolic Boost  
  24  2:18  Drone x4  
  29  2:22  Drone  
  29  2:25  Drone  
  30  2:32  Zergling x2  
  30  2:33  Queen  
  30  2:35  Zergling x2  
  34  2:43  Overlord  
  34  2:50  Zergling x2  
  35  3:03  Drone x2, Hatchery  
  35  3:05  Drone  
  36  3:08  Drone  
  36  3:10  Drone  
  38  3:16  Drone x2  
  38  3:18  Drone  
  40  3:27  Zergling x2  
  40  3:28  Baneling Nest  
  40  3:30  Zergling x2  
  40  3:31  Zergling x2  
  42  3:39  Overlord  
  42  3:43  Zergling x2  
  43  3:49  Overlord  
  43  3:50  Zergling x2  
  44  3:58  Zergling x4  
  44  3:59  Zergling x2  
  44  4:01  Zergling x6  
  50  4:03  Overlord  
  50  4:04  Zergling x2  
  51  4:13  Baneling  
  51  4:14  Baneling, Zergling x2, Drone  
  51  4:16  Zergling x2  
  50  4:17  Zergling x2  
  50  4:18  Zergling x4  
  53  4:26  Zergling x6  
  46  4:31  Zergling x2  
  46  4:32  Zergling x4  
  46  4:36  Baneling x2, Queen  
  46  4:38  Zergling x2  
  50  4:41  Zergling x2  
  50  4:44  Zergling x2  
  49  4:46  Zergling x2  
  49  4:48  Zergling x2  
  49  4:49  Zergling x2  
  49  4:52  Baneling x2  
  49  4:57  Zergling x2  
  50  5:00  Zergling x4  
  52  5:08  Zergling x2  
  52  5:10  Zergling x4  
  47  5:15  Queen  
  47  5:21  Baneling, Zergling x2  
  49  5:23  Zergling x6  
  49  5:24  Zergling x2  
  49  5:25  Zergling x2  
  55  5:29  Zergling x2  
  55  5:30  Baneling x2  
  55  5:31  Baneling  
  55  5:33  Zergling x2  
  55  5:42  Drone  
  55  5:43  Drone x2  
  55  5:45  Drone  
  55  5:49  Baneling x4  
  57  5:53  Zergling x4  
  57  5:54  Zergling x4  
  60  6:01  Zergling x6  
  60  6:03  Zergling x2  
  58  6:12  Zergling x4  
  58  6:14  Baneling x2  
  58  6:16  Zergling x2  
  61  6:22  Zergling x2  
  62  6:32  Drone x5  
  66  6:34  Drone  
  66  6:35  Drone  
  66  6:38  Drone  
  66  6:39  Baneling x2  
  68  6:40  Drone x3  
  68  6:44  Roach Warren  
  68  6:45  Drone, Extractor  
  70  6:51  Overlord  
  71  6:54  Drone  
  71  6:58  Drone x2  
  71  7:00  Drone  
  74  7:08  Overlord  
  73  7:09  Extractor  
  73  7:10  Drone x2  
  73  7:25  Roach x4  
  73  7:27  Overlord  
  81  7:30  Roach, Overlord  
  81  7:31  Overlord  
  81  7:32  Roach x2  
  81  7:33  Overlord  
  81  7:34  Roach  
  89  7:39  Overlord  
  89  7:40  Overlord  
  89  7:41  Roach  
  89  7:43  Baneling x2, Overlord  
  89  7:46  Roach  
  89  7:51  Roach  
  85  7:56  Zergling x2  
  85  7:57  Zergling x14  
  85  7:58  Roach  
  91  8:05  Roach x2  
  93  8:09  Roach  
  93  8:11  Drone x3  
  97  8:13  Extractor  
  97  8:18  Roach x2  
  97  8:19  Roach  
  100  8:26  Evolution Chamber  
  98  8:31  Drone  
  98  8:32  Drone x2  
  98  8:33  Lair  
  100  8:35  Drone x3  
  100  8:37  Drone x3  
  100  8:39  Drone  
  100  8:40  Extractor  
  106  8:42  Drone x2  
  106  8:45  Drone  
  106  8:48  Drone x2  
  111  8:55  Roach  
  112  9:04  Drone x2  
  112  9:05  Extractor  
  112  9:07  Zerg Missile Weapons Level 1  
  113  9:11  Roach x6  
  113  9:13  Roach x2  
  113  9:16  Roach  
  128  9:32  Glial Reconstitution  
  128  9:33  Roach, Spire  
  128  9:36  Hatchery, Roach  
  128  9:37  Roach  
  132  9:40  Roach  
  132  9:42  Unknown, Roach  
  132  9:43  Roach  
  138  9:46  Roach  
  138  9:47  Overlord  
  138  9:50  Roach  
  138  9:52  Roach  
  144  9:54  Roach  
  147  10:07  Roach x2  
  147  10:08  Roach  
  147  10:11  Roach x2  
  147  10:12  Roach  
  149  10:16  Roach x2  
  149  10:17  Roach x2  
  149  10:18  Roach  
  149  10:19  Roach x2  
  149  10:21  Roach  
  139  10:26  Roach x3  
  121  10:29  Roach  
  121  10:30  Roach  
  121  10:32  Roach  
  121  10:34  Roach  
  113  10:38  Roach  
  113  10:40  Roach  
  113  10:42  Roach  
  109  10:46  Roach  
Show
View Real Time Build Order
Export as new Build Order

Elazer Zerg - Winner!

Build Orders: Hatch First 

Get SALT Encoding   

  12  0:00  Drone  
  13  0:12  Overlord  
  13  0:17  Drone  
  14  0:30  Drone  
  14  0:31  Drone  
  14  0:34  Drone  
  17  0:51  Hatchery  
  17  0:54  Drone  
  17  0:57  Drone  
  17  1:00  Extractor  
  17  1:13  Spawning Pool  
  17  1:15  Drone  
  17  1:19  Drone  
  18  1:28  Drone  
  19  1:38  Overlord  
  19  1:59  Metabolic Boost, Queen  
  19  2:01  Zergling x4  
  23  2:02  Queen  
  23  2:06  Zergling x2  
  26  2:10  Drone  
  26  2:13  Drone  
  28  2:21  Drone  
  29  2:24  Drone  
  30  2:32  Drone  
  31  2:38  Hatchery  
  31  2:41  Drone  
  31  2:46  Overlord  
  31  2:48  Drone  
  32  2:54  Drone  
  33  3:01  Drone  
  34  3:05  Overlord  
  34  3:10  Baneling Nest, Overlord  
  34  3:12  Drone  
  33  3:16  Zergling x6  
  36  3:23  Zergling x2  
  36  3:24  Zergling x4  
  37  3:35  Queen  
  37  3:37  Zergling x6  
  42  3:43  Drone  
  42  3:46  Zergling x4  
  45  3:53  Queen  
  45  3:54  Zergling x4  
  45  3:55  Baneling x3  
  49  3:57  Baneling  
  49  3:59  Zergling x4  
  51  4:05  Zergling x4  
  51  4:09  Zergling x4  
  54  4:13  Zergling x4  
  54  4:16  Overlord  
  54  4:22  Overlord  
  48  4:36  Zergling x8  
  48  4:37  Zergling x4  
  50  4:44  Zergling x4  
  48  4:47  Zergling x2  
  48  4:48  Zergling x8  
  48  4:57  Baneling x2  
  47  5:01  Zergling x10  
  47  5:05  Zergling x2  
  47  5:06  Zergling x2  
  53  5:13  Zergling x4  
  53  5:14  Baneling, Zergling x4  
  55  5:15  Baneling  
  55  5:21  Baneling x3  
  55  5:24  Drone x2  
  55  5:25  Drone  
  57  5:41  Drone x3  
  55  5:45  Zergling x8  
  53  5:54  Zergling x2  
  53  5:55  Zergling x4  
  54  5:59  Zergling x8  
  58  6:07  Baneling  
  56  6:14  Zergling x2  
  56  6:17  Overlord x2  
  57  6:21  Roach Warren  
  57  6:22  Extractor  
  55  6:28  Overlord  
  55  6:31  Overlord  
  55  6:32  Overlord x2  
  50  6:40  Drone x2  
  50  6:41  Drone x7  
  50  6:45  Drone x2  
  61  6:55  Baneling  
  61  6:56  Baneling x2  
  59  7:07  Roach x7  
  71  7:11  Drone x3  
  71  7:13  Drone  
  75  7:17  Extractor, Evolution Chamber  
  75  7:18  Drone x2  
  75  7:21  Drone  
  75  7:22  Drone  
  77  7:27  Drone x4  
  77  7:29  Drone  
  82  7:33  Lair  
  81  7:37  Overlord  
  81  7:40  Overlord  
  80  7:45  Roach x3  
  85  7:51  Overlord  
  85  7:53  Roach x2  
  83  7:59  Roach x3  
  83  8:04  Zerg Missile Weapons Level 1  
  87  8:09  Roach  
  89  8:13  Zergling x6  
  89  8:19  Zergling x10  
  99  8:20  Zergling x4  
  99  8:29  Overlord  
  99  8:33  Glial Reconstitution  
  101  8:34  Roach x2  
  101  8:39  Overlord  
  103  8:44  Roach x2  
  103  8:45  Roach, Extractor  
  108  8:50  Overlord, Overseer  
  108  8:53  Roach x2  
  112  8:59  Roach x3  
  117  9:10  Roach x4  
  117  9:15  Overlord  
  122  9:19  Roach  
  122  9:20  Roach x3  
  130  9:26  Roach x3  
  130  9:31  Roach x2  
  140  9:36  Roach x2  
  143  9:39  Roach  
  143  9:42  Roach x2  
  143  9:44  Roach  
  151  9:48  Zergling x6  
  151  9:52  Overlord x2  
  154  10:13  Zergling x18  
  159  10:20  Zergling x4  
  139  10:21  Ravager  
  139  10:23  Ravager  
  139  10:26  Ravager  
  123  10:29  Zergling x10  
  123  10:30  Ravager x2  
  123  10:34  Ravager x2  
  131  10:35  Zergling x4  
  131  10:36  Zergling x2  
  132  10:43  Ravager  
  132  10:44  Zergling x4  
  132  10:45  Zergling x6  
  134  11:06  Hatchery  
Tags
 
Add a new tag
Caveats
  • Supply blocks, unpowered buildings, or Contaminate may cause inaccurate times.
  • Supply counts are checked every 10 seconds.